 Dungeon Crawl Stone Soup version 0.30-a0-946-gec5dcfc036 (webtiles) character file.

Game seed: 3928924690957329230

175 2tousent the Chiller (level 5, -3/38 HPs)
             Began as a Demonspawn Ice Elementalist on Mar 26, 2023.
             Slain by Grinder (6 damage)
             ... on level 3 of the Dungeon.
             The game lasted 00:04:33 (2403 turns).

2tousent the Chiller (Demonspawn Ice Elementalist)  Turns: 2403, Time: 00:04:34

Health: -3/38      AC: 10    Str:  9    XL:     5   Next: 29%
Magic:  5/9        EV: 12    Int: 18    God:
Gold:   162        SH:  4    Dex: 13    Spells: 3/10 levels left

rFire   . . .      SeeInvis .    c - +0 dagger
rCold   . . .      Faith    .    (no shield)
rNeg    . . .      Spirit   .    a - +0 robe
rPois   .          Reflect  .    e - +1 helmet
rElec   .          Rampage  .    (no cloak)
rCorr   .                        (no gloves)
Will    .....                    (no boots)
Stlth   ++                       (no amulet)
HPRegen 0.26/turn                (no ring)
MPRegen 0.22/turn                (no ring)

@: ice-armoured, freezing walls
A: hooves 1, large bone plates 1, magic regeneration
a: no special abilities


You were on level 3 of the Dungeon.
You visited 1 branch of the dungeon, and saw 3 of its levels.

You collected 162 gold pieces.

Inventory:

Hand Weapons
 c - a +0 dagger (weapon)
Armour
 a - a +0 robe (worn)
 e - a +1 helmet (worn)
Scrolls
 d - 2 scrolls of identify {unknown}
 h - a scroll of teleportation {unknown}
 k - a scroll of poison {unknown}
Potions
 f - 3 potions of curing {unknown}
 g - a potion of mutation {unknown}
 i - a potion of ambrosia {unknown}
 j - a potion of lignification {unknown}
 l - a potion of cancellation {unknown}
 m - a potion of might {unknown}


   Skills:
 + Level 2.2 Fighting
 - Level 1.7 Dodging
 - Level 1.7 Stealth
 + Level 3.0 Spellcasting
 * Level 5.0 Ice Magic


You had 3 spell levels left.
You knew the following spells:

 Your Spells              Type           Power      Damage    Failure   Level
a - Freeze                Ice            80%        1d9       1%          1
b - Frozen Ramparts       Ice            40%        1d7       6%          3
c - Ozocubu's Armour      Ice            20%        N/A       6%          3

Your spell library contained the following spells:

 Spells                   Type           Power      Damage    Failure   Level
 Summon Small Mammal      Summ           8%         N/A       16%         1
 Call Canine Familiar     Summ           2%         N/A       43%         3
 Summon Guardian Golem    Hex/Summ       2%         N/A       43%         3
 Summon Ice Beast         Ice/Summ       11%        N/A       50%         4


Dungeon Overview and Level Annotations

Branches:
Dungeon (3/15)

Altars:
Ashenzari

Shops:
D:1 (*!!:   D:3 ?

Annotations:
D:3 Grinder


Innate Abilities, Weirdness & Mutations

You have large cloven feet.
You are partially covered in large bone plates. (SH +4)
You regenerate magic rapidly.


Message History

Confirm with . or Enter, or press ? or * to list all spells.
Your icy armour thickens.
The wall freezes Grinder but does no damage.
You block Grinder's attack.
You hit Grinder. Your kick misses Grinder.
Grinder is moderately wounded.
The wall freezes Grinder but does no damage.
Grinder gestures at you.
You suddenly lose the ability to move!
Grinder resists.
The wall freezes Grinder.
Grinder barely misses you.
Grinder completely resists.
The wall freezes Grinder but does no damage.
Grinder gestures at you. You resist with significant effort.
Grinder completely resists.
The wall freezes Grinder but does no damage.
Grinder hits you but does no damage.
You can move again.
You barely miss Grinder.
Grinder is moderately wounded.
Grinder completely resists.
The wall freezes Grinder but does no damage.
Grinder hits you but does no damage.
Unknown command.
You aren't carrying any items that you can evoke.
You barely miss Grinder.
Grinder is moderately wounded.
Grinder completely resists.
The wall freezes Grinder but does no damage.
Grinder says, "At least Makhleb appreciates what I'm doing."
Grinder gestures at you.
You shrug off the repeated paralysis!
You closely miss Grinder.
Grinder is moderately wounded.
Grinder completely resists.
The wall freezes Grinder but does no damage.
Grinder hits you!
* * * LOW HITPOINT WARNING * * *
You writhe in agony.
You die...

## . #.
###(# ##
#...5###.#
#@#.# ##.#
#.# #.#
##.##
.#####...#
.........###
..####.....#
♣+♣♣♣'♣


You could see Grinder.

Vanquished Creatures
  2 orc priests (D:3)
  An orc wizard (D:3)
  2 adders
  2 worms (D:2)
  2 orcs (D:3)
  10 ball pythons
  4 bats
  7 endoplasms
  3 giant cockroaches
  3 goblins
  5 hobgoblins
  7 jackals
  8 kobolds
  4 frilled lizards
  4 rats
64 creatures vanquished.

Vanquished Creatures (others)
  2 demonic plants (D:2)
2 creatures vanquished.

Grand Total: 66 creatures vanquished

Notes
Turn   | Place    | Note
-------+----------+-------------------------------------------
     0 | D:1      | 2tousent the Demonspawn Ice Elementalist began the quest
                  | for the Orb.
     0 | D:1      | Reached XP level 1. HP: 13/13 MP: 3/3
   161 | D:1      | Found Tojaebups's Distillery.
   252 | D:1      | Found Asofo's Weapon Shop.
   313 | D:1      | Found Guse's Distillery.
   318 | D:1      | Gained mutation: You regenerate magic rapidly. [demonic
                  | ancestry]
   318 | D:1      | Reached XP level 2. HP: 15/20 MP: 0/5
   469 | D:1      | Found Kajeapurch's Book Shoppe.
   507 | D:1      | Reached skill level 4 in Ice Magic
   544 | D:1      | Reached skill level 1 in Fighting
   863 | D:1      | Found Taruu's General Store.
  1104 | D:2      | Gained mutation: You have large cloven feet. [demonic
                  | ancestry]
  1104 | D:2      | Reached XP level 3. HP: 24/26 MP: 4/6
  1619 | D:2      | Found a faded altar of an unknown god.
  1619 | D:2      | Noticed a rust devil
  1785 | D:2      | Reached XP level 4. HP: 31/32 MP: 5/7
  2058 | D:3      | Found Saxtog's Magic Scroll Shop.
  2139 | D:3      | Learned a level 3 spell: Frozen Ramparts
  2143 | D:3      | Learned a level 3 spell: Ozocubu's Armour
  2189 | D:3      | Gained mutation: You are partially covered in large bone
                  | plates. (SH +4) [demonic ancestry]
  2189 | D:3      | Reached XP level 5. HP: 18/38 MP: 0/9
  2330 | D:3      | Found a broken altar of Ashenzari.
  2339 | D:3      | Reached skill level 5 in Ice Magic
  2365 | D:3      | Noticed Grinder
  2381 | D:3      | Paralysed by Grinder for 2 turns
  2387 | D:3      | Paralysed by Grinder for 5 turns
  2397 | D:3      | Paralysed by Grinder for 4 turns
  2403 | D:3      | Slain by Grinder

Illustrated notes

Levels and vault maps discovered:
D:1:      dpeg_arrival_solitude, layout_loops_ring, serial_shops, shop_coins,
          shop_statue, nicolae_shop_bloodbath_and_beyond,
          nicolae_shop_advertising_works [nicolae_subvault_shop_adworks],
          nicolae_shop_trees
D:2:      layout_loops_ring, dreamdust_ecumenical_altar_sealed_demon,
          minmay_pentomino_z2
D:3:      layout_loops_cross, grunt_temple_overflow_lords_of_destruction,
          mainiacjoe_overflow_six_doors_small, serial_shops, shop_statue,
          uniq_grinder

Skill      XL: |  1  2  3  4  5 |
---------------+----------------+-----
Ice Magic      | 4 5 |  5.0
Fighting       | 1 2 |  2.2
Spellcasting   | 3 |  3.0
Dodging        | |  1.7
Stealth        | |  1.7

Action                     |  1- 3 |  4- 6 || total
---------------------------+-------+-------++-------
  Melee: Dagger            |    32 |    28 ||    60
         Kick              |     6 |     7 ||    13
         Punch             |       |     1 ||     1
   Cast: Freeze            |    69 |    19 ||    88
         Frozen Ramparts   |       |     6 ||     6
         Ozocubu's Armour  |       |     2 ||     2
    Use: Potion            |       |     1 ||     1
   Stab: Sleeping          |     2 |       ||     2
 Armour: Robe              |    19 |    12 ||    31
  Dodge: Dodged            |    57 |    23 ||    80
  Block: Other             |       |     6 ||     6

Table legend: (Time is in decaauts)
 A = Elapsed time spent in this place.
 B = Non-inter-level travel time spent in this place.
 C = Inter-level travel time spent in this place.
 D = Time resting spent in this place.
 E = Time spent auto-exploring this place.
 F = Levels seen in this place.
 G = Mean time per level.
                   A        B        C        D        E       F      G
               +--------+--------+--------+--------+--------+-----+--------+
         Total |   2402 |   2358 |     44 |      2 |   1911 |   3 |  800.7 |
       Dungeon |   2402 |   2358 |     44 |      2 |   1911 |   3 |  800.7 |
               +--------+--------+--------+--------+--------+-----+--------+

Top non-repeatable levels by time:
     D:1: 1098 daAuts
     D:2: 949 daAuts
     D:3: 353 daAuts
